 Dungeon Crawl Stone Soup version 0.29.0-13-gc9e81de378 (webtiles) character file.

Game seed: 17360456330239191241

154 Strat the Digger (level 5, -2/42 HPs)
             Began as a Meteoran Earth Elementalist on Sept 10, 2022.
             Slain by a ball python (3 damage)
             ... in a sewer.
             The game lasted 00:07:02 (981 turns).

Strat the Digger (Meteoran Earth Elementalist)       Turns: 981, Time: 00:07:02

Health: -2/42      AC:  3    Str: 11    XL:     5   Next: 95%
Magic:  2/10       EV:  9    Int: 16    God:
Gold:   96         SH:  0    Dex: 15    Spells: 3/9 levels left

rFire   . . .      SeeInvis .   a - +0 dagger (venom)
rCold   . . .      Faith    .   (no shield)
rNeg    . . .      Spirit   .   p - +0 robe
rPois   .          Reflect  .   q - +0 helmet
rElec   .          Harm     .   (no cloak)
rCorr   .          Rampage  .   (no gloves)
Will    .....                   (no boots)
Stlth   +.........              (no amulet)
HPRegen 0.14/turn               (no ring)
MPRegen 0.12/turn               (no ring)

@: glowing, constricted
A: sense surroundings 1, otherworldly, glowing, explore regen
a: no special abilities


You were in a sewer.
You visited 1 branch of the dungeon, and saw 4 of its levels.
You also visited: Sewer.

You collected 96 gold pieces.

Inventory:

Hand Weapons
 a - a +0 dagger of venom (weapon)
 d - a +0 dagger
 i - a +2 whip of pain
Missiles
 j - 4 poisoned darts
Armour
 m - a +0 leather armour
 p - a +0 robe (worn)
 q - a +0 helmet (worn)
Wands
 g - a wand of digging (4)
Scrolls
 e - a scroll of brand weapon {unknown}
Potions
 b - a potion of magic
 c - a potion of experience {unknown}
 h - a potion of degeneration {unknown}
 k - a potion of flight {unknown}
 l - 3 potions of curing {unknown}
 n - a potion of brilliance {unknown}
 s - a potion of lignification {unknown}


   Skills:
 + Level 2.6 Fighting
 - Level 2.4 Dodging
 - Level 1.4 Stealth
 - Level 2.6 Spellcasting
 + Level 1.8 Conjurations
 - Level 1.2 Transmutations
 + Level 5.9 Earth Magic


You had 3 spell levels left.
You knew the following spells:

 Your Spells              Type           Power      Damage    Failure   Level
a - Sandblast             Erth           42%        2d11      1%          1
b - Passwall              Tmut/Erth      10%        N/A       7%          2
c - Stone Arrow           Conj/Erth      28%        3d8       12%         3

Your spell library contained the following spells:

 Spells                   Type           Power      Damage    Failure   Level
 Petrify                  Tmut/Erth      13%        N/A       41%         4


Dungeon Overview and Level Annotations

Branches:
Dungeon (4/15) Zot: 1451    Sewer (1/1) Zot: 504
 Temple: D:4-7

Altars:


Innate Abilities, Weirdness & Mutations

You passively map a small area around you.
You are easily found by Zot.
You glow in the dark.
You regain HP and MP as you explore.


Message History

Casting: Sandblast (safe; 1% risk of failure)
Confirm with . or Enter, or press ? or * to list all spells.
Aiming: Sandblast (safe; 1% risk of failure)
Press: ? - help, Shift-Dir - straight line, f/p - river rat
Aim: a river rat (heavily wounded, 81% to hit)
The blast of sand hits the river rat.
The river rat is almost dead.
The river rat misses you. The ball python bites you.
* * * LOW HITPOINT WARNING * * *
The ball python constricts you.
Casting: Sandblast (safe; 1% risk of failure)
Confirm with . or Enter, or press ? or * to list all spells.
Aiming: Sandblast (safe; 1% risk of failure)
Press: ? - help, Shift-Dir - straight line, f/p - river rat
Aim: a river rat (almost dead, 81% to hit)
The blast of sand misses the river rat.
The ball python bites you but does no damage.
The ball python constricts you.
* * * LOW HITPOINT WARNING * * *
The river rat bites you.
* * * LOW HITPOINT WARNING * * *
The ball python barely misses you. The ball python constricts you.
The river rat bites you but does no damage.
You hit the river rat but do no damage.
The river rat is poisoned.
The river rat is almost dead.
The ball python closely misses you. The ball python constricts you.
* * * LOW HITPOINT WARNING * * *
The river rat barely misses you.
You hit the river rat but do no damage.
The river rat looks as sick as possible!
The river rat is almost dead.
You kill the river rat!
The ball python bites you but does no damage.
The ball python constricts you.
* * * LOW HITPOINT WARNING * * *
The ball python bites you.
* * * LOW HITPOINT WARNING * * *
The ball python constricts you.
You closely miss the ball python. The ball python bites you.
You die...

####* ########
.##..P###......#### ~
* ...P......~P....≈≈##
,
~#PP...~.~~P....≈≈≈###
#.~.~~@†.~#~#†..≈≈≈≈#
#~~~.††S~.#~#.∩.≈≈≈##
,* ,~ *
######)†.##~#.∩.≈≈≈≈#
* *
#~~~~~~.###~#....≈≈≈#
* ~######~##
#~#.P###### * , ..#
#~#PP~ ~ * ~ , ~~~.#
#~##P# ** , ,..~.#
#~##PP ~~ ~ ~ P..~##
#~###P, *


You could see a ball python.

Vanquished Creatures
  Jessica (D:2)
  An iguana (D:4)
  A gnoll (D:3)
  3 adders
  2 river rats (Sewer)
  An orc (D:3)
  4 ball pythons
  2 endoplasms
  3 giant cockroaches
  3 goblins (D:2)
  3 hobgoblins
  A jackal (D:3)
  9 kobolds
  2 quokkas (D:4)
  7 bats
  4 frilled lizards
  5 rats
52 creatures vanquished.

Vanquished Creatures (others)
  5 plants
5 creatures vanquished.

Grand Total: 57 creatures vanquished

Notes
Turn   | Place    | Note
-------+----------+-------------------------------------------
     0 | D:1      | Strat the Meteoran Earth Elementalist began the quest for
                  | the Orb.
     0 | D:1      | Reached XP level 1. HP: 14/14 MP: 5/5
   148 | D:1      | Reached skill level 4 in Earth Magic
   150 | D:1      | Reached XP level 2. HP: 20/20 MP: 2/6
   155 | D:1      | Learned a level 2 spell: Passwall
   260 | D:2      | Noticed Jessica
   262 | D:2      | Killed Jessica
   263 | D:2      | Reached skill level 5 in Earth Magic
   263 | D:2      | Reached XP level 3. HP: 27/27 MP: 6/8
   335 | D:2      | Reached skill level 1 in Fighting
   357 | D:2      | Reached XP level 4. HP: 35/35 MP: 9/9
   397 | D:3      | Learned a level 3 spell: Stone Arrow
   398 | D:3      | Noticed a gnoll sergeant
   532 | D:3      | Reached XP level 5. HP: 41/41 MP: 8/10
   642 | D:3      | Reached skill level 1 in Conjurations
   896 | D:4      | Found a glowing drain.
   906 | Sewer    | Entered a sewer
   980 | Sewer    | HP: 1/42 [ball python (2)]
   981 | Sewer    | Slain by a ball python

Illustrated notes

Levels and vault maps discovered:
D:1:      dpeg_arrival_rhombus, layout_loops_corners
D:2:      layout_rooms, uniq_jessica
D:3:      lemuel_castle_with_subvaults [lemuel_castle_interior_original],
          layout_loops_ring, minmay_misc_feat_x, dk_vineyard_3,
          lightli_corner_chamber, uniq_terence, uniq_ijyb
D:4:      layout_cave_pools, portal_sewer_entry_f, nrook_mini_backslash,
          kennysheep_donut, uniq_menkaure
Sewer:    sewer_co_scattered_pipes

Skill      XL: |  1  2  3  4  5 |
---------------+----------------+-----
Earth Magic    | 4 5 |  5.9
Fighting       | 1 2 |  2.6
Conjurations   | 1 |  1.8
Dodging        | |  2.4
Stealth        | |  1.4
Spellcasting   | |  2.6
Transmutations | |  1.2

Action                   |  1- 3 |  4- 6 || total
-------------------------+-------+-------++-------
Melee: Dagger            |     1 |    12 ||    13
 Cast: Sandblast         |    23 |    73 ||    96
  Use: Potion            |       |     4 ||     4
       Scroll            |       |     3 ||     3
Armor: Robe              |     5 |    36 ||    41
Dodge: Dodged            |    15 |    57 ||    72
